 Dungeon Crawl Stone Soup version 0.32-a0-672-gff75c0d (webtiles) character file.

Game seed: 16560391273022960697

596 Dorkslayer the Ruffian (level 7, -1/46 HPs)
             Began as an Octopode Fighter on Mar 10, 2024.
             Slain by an ice beast (10 damage)
             ... on level 5 of the Dungeon.
             The game lasted 00:07:18 (3309 turns).

Dorkslayer the Ruffian (Octopode Fighter)           Turns: 3309, Time: 00:07:19

Health: -1/46      AC:  1    Str: 17    XL:     7   Next: 40%
Magic:  7/7        EV: 13    Int: 11    God:
Gold:   175        SH:  4    Dex: 11    Spells: 6/6 levels left

rFire   . .          .
                       - Unarmed
rCold   . . .        a - +0 buckler
rNeg    . . .        (helmet restricted)
rPois   .            l - amulet of the acrobat
rElec   .            (no ring)
rCorr   .            (no ring)
SInv    .            (no ring)
Will    .....        (no ring)
Stlth   +++          (no ring)
HPRegen 0.27/turn    (no ring)
MPRegen 0.10/turn    (no ring)
                     (no ring)

%: acrobat
@: mighty, lethally poisoned (-1 -> -6)
A: almost no armour, amphibious, 8 rings, camouflage 1, gelatinous body 1,
(nimble swimmer 1), tentacles
a: no special abilities


You were on level 5 of the Dungeon.
You visited 1 branch of the dungeon, and saw 5 of its levels.

You collected 214 gold pieces.
You spent 39 gold pieces at shops.

Inventory:

Hand Weapons
 k - a +0 war axe
Armour
 a - a +0 buckler (worn)
Jewellery
 l - an amulet of the acrobat (around mantle)
Talismans
 i - a flux talisman
Wands
 c - a wand of mindburst (8)
Scrolls
 g - a scroll of teleportation
Potions
 b - a potion of might
 d - a potion of ambrosia
 e - a potion of mutation
 f - a potion of haste {unknown}


   Skills:
 + Level 3.6 Fighting
 + Level 3.9 Dodging
 + Level 4.1 Stealth
 + Level 3.2 Shields
 * Level 5.8 Unarmed Combat
 * Level 2.0 Shapeshifting


You had 6 spell levels left.
You didn't know any spells.
Your spell library contained the following spells:

 Spells                   Type           Power      Damage    Failure   Level
 Sculpt Simulacrum        Ice/Alch       0%         N/A       100%        6
 Ozocubu's Refrigeration  Ice            0%         4d7       100%        7
 Polar Vortex             Ice            0%         N/A       100%        9


Dungeon Overview and Level Annotations

Branches:
Dungeon (5/15)
 Temple: D:4-7

Altars:

Shops:
D:3 !


Innate Abilities, Weirdness & Mutations

You cannot wear most types of armour.
You are amphibious.
You can wear up to eight rings at the same time.
Your skin changes colour to match your surroundings (Stealth+).
Your rubbery body absorbs attacks. (AC +1, EV +1)
((You are camouflaged when in or above water. (Stealth+)))
You have tentacles for arms and can constrict up to eight enemies at once.


Message History

The phantom completely misses you.
There is a stone staircase leading up here.
You tentacle-slap the phantom.
The phantom is almost destroyed.
The phantom barely misses you.
You tentacle-slap the phantom.
You destroy the phantom!
Your Shapeshifting skill increases to level 2!
You now have 141 gold pieces (gained 3).
Found 20 gold pieces.
g - a scroll of teleportation You now have 155 gold pieces (gained 14).
Found a hand axe.
You now have 175 gold pieces (gained 20).
An ice beast and a scorpion come into view.
A white imp comes into view.
The white imp gestures at you. The puff of frost misses you.
You feel very mighty all of a sudden. The scorpion stings you.
You are poisoned.
The scorpion poisons you!
You barely miss the scorpion. You grab the scorpion.
You constrict the scorpion.
You feel very sick. The scorpion stings you.
You bludgeon the scorpion! You squeeze the scorpion.
You kill the scorpion!
You feel very sick.
Your Stealth skill increases to level 4!
You tentacle-slap the ice beast.
Your tentacle-slap misses the ice beast.
The ice beast is lightly wounded.
You feel sick.
You closely miss the ice beast. You squeeze the ice beast.
The ice beast is heavily wounded.
You feel sick. The ice beast hits you.
* * * LOW HITPOINT WARNING * * *
The ice beast freezes you!
You die...

... #######.. #.......
#......# #......#####
#..........# #...5..#
####Y### #@### ##.
#...## ... ###..# ..
##.#####.####.
#..#.........
############...###.....
##.....#.......##...
.).
##..............##.# #
#..................###


You could see an ice beast and a white imp.

Vanquished Creatures
  A black bear (D:4)
  An ogre (D:4)
  2 phantoms
  2 scorpions
  An orc wizard (D:4)
  Robin (D:2)
  A gnoll (D:1)
  4 adders
  A dart slug (D:3)
  A ribbon worm (D:2)
  4 orcs (D:4)
  12 ball pythons
  6 bats
  5 endoplasms
  A giant cockroach (D:1)
  14 goblins
  11 hobgoblins
  5 kobolds
  2 frilled lizards
  5 rats
80 creatures vanquished.

Notes
Turn   | Place    | Note
-------+----------+-------------------------------------------
     0 | D:1      | Dorkslayer the Octopode Fighter began the quest for the
                  | Orb.
     0 | D:1      | Reached XP level 1. HP: 16/16 MP: 1/1
    72 | D:1      | Reached XP level 2. HP: 21/21 MP: 2/2
   152 | D:1      | Reached skill level 1 in Stealth
   221 | D:1      | Reached XP level 3. HP: 25/26 MP: 3/3
   827 | D:2      | Reached skill level 3 in Unarmed Combat
   909 | D:2      | Reached XP level 4. HP: 10/31 MP: 4/4
  1053 | D:2      | Noticed Robin
  1067 | D:2      | Killed Robin
  1435 | D:3      | Found Foraubb's Distillery.
  1440 | D:3      | Bought a potion of curing for 39 gold pieces
  1995 | D:3      | Reached XP level 5. HP: 36/36 MP: 5/5
  2300 | D:4      | Noticed a phantom
  2310 | D:4      | Killed a phantom
  2311 | D:4      | Reached skill level 4 in Unarmed Combat
  2311 | D:4      | Reached skill level 1 in Shapeshifting
  2383 | D:4      | Noticed an ogre
  2388 | D:4      | Killed an ogre
  2389 | D:4      | Reached XP level 6. HP: 42/42 MP: 6/6
  2584 | D:4      | HP: 2/42 [something/magic dart (8)]
  2781 | D:4      | Noticed a black bear
  2786 | D:4      | Killed a black bear
  2787 | D:4      | Reached skill level 5 in Unarmed Combat
  2917 | D:4      | Reached XP level 7. HP: 37/46 MP: 7/7
  3238 | D:5      | Entered Level 5 of the Dungeon
  3309 | D:5      | Slain by an ice beast

Illustrated notes

Levels and vault maps discovered:
D:1:      minmay_arrival_shattered_statue, layout_basic, grunt_decor_arrowhead,
          minmay_tripent
D:2:      layout_loops_ring, hangedman_abyss_or_decor_stabs, uniq_robin
D:3:      layout_basic, serial_shops, shop, dreamdust_princess_bridge,
          reono_crystal_passage, chequers_serial_rivers_micro_b, st_stairs_13,
          minmay_goblin_kobold_house
D:4:      minmay_evil_eye, layout_loops_ring, serial_bayou_pond_e
D:5:      layout_rooms

Skill      XL: |  1  2  3  4  5  6  7 |
---------------+----------------------+-----
Stealth        | 1 2 3 4 |  4.1
Unarmed Combat | 3 4 5 |  5.8
Shapeshifting  | 1 2 |  2.0
Fighting       | |  3.6
Dodging        | |  3.9
Shields        | |  3.2

Action                     |  1- 3 |  4- 6 |  7- 9 || total
---------------------------+-------+-------+-------++-------
  Melee: Unarmed           |    67 |    95 |    21 ||   183
         Constrict         |    21 |    17 |     2 ||    40
         Tentacles         |    13 |    12 |     5 ||    30
         Punch             |     2 |     3 |     1 ||     6
    Use: Potion            |       |     2 |     1 ||     3
         Scroll            |       |     7 |       ||     7
   Stab: Sleeping          |     7 |     7 |     1 ||    15
         Distracted        |       |       |     1 ||     1
 Armour: Skin              |    23 |    55 |    13 ||    91
  Dodge: Dodged            |    29 |    49 |     8 ||    86
  Block: Buckler           |    10 |     7 |     1 ||    18

Table legend: (Time is in decaauts)
 A = Elapsed time spent in this place.
 B = Non-inter-level travel time spent in this place.
 C = Inter-level travel time spent in this place.
 D = Time resting spent in this place.
 E = Time spent auto-exploring this place.
 F = Levels seen in this place.
 G = Mean time per level.
                   A        B        C        D        E       F      G
               +--------+--------+--------+--------+--------+-----+--------+
         Total |   3303 |   3303 |      0 |     92 |   2170 |   5 |  660.6 |
       Dungeon |   3303 |   3303 |      0 |     92 |   2170 |   5 |  660.6 |
               +--------+--------+--------+--------+--------+-----+--------+

Top non-repeatable levels by time:
     D:4: 936 daAuts
     D:3: 905 daAuts
     D:2: 850 daAuts
     D:1: 542 daAuts
     D:5: 69 daAuts
